Map: Dreamcatcher LE

Players

SapoNoche

  • Race: Terran Terran
  • League: Master
  • Spawn Location: 11:00

RexRequired - Winner!

  • Race: Terran Terran
  • League: Grandmaster
  • Spawn Location: 5:00

VOD

Have the link to the VOD?

Description

Time

  • Played on: Nov. 18, 2018, 2:15 a.m.
  • Length: 10:03
Show
View Real Time Build Order
Export as new Build Order

SapoNoche Terran 

Build Orders: 1/1/1, Cyclone Opening 

Get SALT Encoding   

  12  0:01  SCV  
  13  0:13  SCV  
  14  0:20  Supply Depot  
  14  0:25  SCV  
  15  0:30  Refinery  
  15  0:42  SCV  
  16  0:45  Barracks  
  16  0:54  SCV  
  17  0:57  Refinery  
  17  1:06  SCV  
  18  1:18  SCV  
  20  1:33  Reaper  
  20  1:34  Orbital Command  
  20  1:36  Factory  
  20  1:46  Supply Depot  
  20  1:59  SCV  
  21  2:05  Reaper  
  22  2:12  SCV  
  23  2:21  Hellion  
  25  2:25  SCV  
  25  2:26  Starport  
  26  2:32  Supply Depot  
  26  2:38  SCV  
  26  2:40  Barracks Reactor  
  27  2:45  Cyclone  
  27  2:50  SCV  
  31  2:57  Liberator  
  31  3:10  Command Center  
  34  3:22  SCV  
  35  3:33  Cyclone, Supply Depot  
  39  3:34  SCV  
  39  3:46  Marine  
  39  3:54  SCV, Marine  
  41  3:57  Medivac  
  41  3:58  Supply Depot  
  43  4:06  SCV  
  43  4:07  Cyclone  
  47  4:19  SCV, Marine x2  
  47  4:21  Supply Depot  
  47  4:23  Orbital Command  
  50  4:32  SCV  
  50  4:35  Engineering Bay  
  51  4:39  Starport Tech Lab  
  51  4:44  SCV  
  52  4:50  Factory Tech Lab, Marine  
  52  4:51  Marine  
  54  4:56  SCV  
  52  5:01  Raven  
  52  5:05  SCV  
  53  5:17  Siege Tank, Marine x2  
  53  5:18  SCV  
  53  5:28  Command Center  
  53  5:36  SCV  
  47  5:52  SCV  
  48  6:01  Factory Reactor  
  48  6:02  SCV  
  48  6:04  Barracks, Engineering Bay  
  49  6:05  Engineering Bay  
  49  6:12  Stimpack, Marine  
  49  6:16  SCV  
  51  6:18  Viking x2  
  55  6:27  SCV  
  55  6:28  SCV  
  57  6:35  Barracks  
  57  6:39  SCV  
  58  6:40  SCV  
  58  6:51  SCV  
  57  7:00  Viking  
  58  7:01  Marine  
  57  7:20  SCV x2  
  60  7:27  Orbital Command  
  59  7:32  SCV  
  60  7:38  Terran Infantry Armor Level 1  
  60  7:40  SCV  
  60  7:41  Refinery  
  60  7:43  Refinery  
  60  7:44  SCV  
  60  7:50  Starport Reactor  
  60  7:52  SCV  
  60  7:53  SCV  
  60  7:56  Terran Infantry Weapons Level 1, SCV, Marine x2  
  65  8:02  Marine x2  
  65  8:04  SCV  
  68  8:06  SCV, Marine  
  70  8:14  Marine  
  70  8:17  SCV  
  71  8:21  Siege Tank, Marine x3  
  71  8:23  Combat Shield  
  71  8:24  Marine  
  78  8:29  Orbital Command  
  78  8:31  Marine  
  78  8:32  SCV  
  80  8:35  Armory  
  80  8:41  Marine  
  80  8:42  Marine x2  
  80  8:43  SCV  
  80  8:45  Medivac  
  85  8:48  Barracks x2  
  85  8:50  Supply Depot x2, SCV  
  85  8:55  SCV x2  
  88  8:59  Siege Tank  
  88  9:00  Marine  
  88  9:02  SCV  
  93  9:07  SCV  
  93  9:11  Marine x3  
  93  9:14  Supply Depot  
  96  9:19  Sensor Tower  
  96  9:20  SCV  
  97  9:28  SCV  
  97  9:30  SCV  
  99  9:35  Marine x2  
  105  9:39  Barracks Reactor  
  105  9:40  Barracks Reactor  
  105  9:44  SCV  
Show
View Real Time Build Order
Export as new Build Order

RexRequired Terran - Winner!

Build Orders: Cyclone Opening 

Get SALT Encoding   

  12  0:00  SCV  
  13  0:13  SCV  
  14  0:17  Supply Depot  
  14  0:25  SCV  
  14  0:27  Refinery  
  15  0:39  SCV  
  16  0:45  Barracks  
  16  0:51  SCV  
  16  0:56  Refinery  
  17  1:03  SCV  
  18  1:15  SCV  
  19  1:31  Orbital Command  
  20  1:32  Reaper  
  20  1:34  Factory  
  20  1:44  Supply Depot  
  20  1:57  SCV  
  21  2:04  Reaper  
  22  2:09  SCV  
  23  2:18  Cyclone  
  23  2:21  SCV  
  27  2:32  Command Center  
  27  2:34  SCV  
  28  2:38  Barracks Reactor  
  28  2:46  Starport  
  28  2:49  SCV  
  29  2:54  Supply Depot  
  29  3:00  Factory Tech Lab  
  29  3:01  SCV  
  30  3:13  SCV  
  30  3:17  Marine x2  
  33  3:25  SCV  
  33  3:26  Factory Tech Lab  
  34  3:34  Banshee, Cloaking Field  
  34  3:37  SCV  
  34  3:40  Marine  
  39  3:43  Marine  
  39  3:44  Orbital Command  
  40  3:50  SCV  
  40  3:52  Siege Tank  
  44  3:58  Marine  
  44  4:01  Marine  
  44  4:02  Supply Depot  
  46  4:04  SCV  
  47  4:16  SCV, Marine  
  49  4:17  Banshee  
  49  4:19  Marine  
  53  4:24  Supply Depot  
  53  4:25  SCV  
  54  4:33  Marine  
  54  4:35  SCV  
  54  4:37  Siege Tank, Marine  
  60  4:39  SCV  
  61  4:45  Supply Depot  
  61  4:49  SCV  
  61  4:51  SCV  
  63  5:00  Marine x2  
  63  5:01  SCV  
  62  5:07  SCV  
  62  5:09  Siege Tank  
  64  5:20  SCV x2  
  61  5:30  Marine x2  
  61  5:32  SCV x2  
  65  5:40  Starport Reactor  
  65  5:41  Siege Tank  
  68  5:44  SCV  
  68  5:46  SCV  
  70  5:59  Command Center, SCV x2  
  72  6:08  Barracks  
  72  6:11  Barracks  
  72  6:12  Refinery, SCV  
  72  6:13  Refinery  
  72  6:17  SCV  
  74  6:24  SCV  
  74  6:25  Stimpack  
  75  6:29  SCV  
  76  6:33  Supply Depot  
  76  6:36  SCV  
  77  6:40  Marine  
  77  6:41  SCV  
  77  6:46  Starport Reactor  
  79  6:48  SCV  
  79  6:53  SCV  
  81  6:55  Siege Tank  
  81  6:58  Marine x3  
  81  7:00  SCV  
  85  7:03  Engineering Bay  
  85  7:04  Engineering Bay  
  85  7:06  SCV, Marine x2  
  88  7:12  SCV  
  88  7:13  Supply Depot  
  89  7:16  Marine x2  
  91  7:24  SCV x2  
  91  7:26  Marine x3  
  91  7:28  Siege Tank  
  91  7:29  Medivac x2  
  100  7:31  Terran Infantry Weapons Level 1, Terran Infantry Armor Level 1  
  100  7:33  Supply Depot, Marine  
  100  7:34  Marine  
  99  7:41  SCV  
  99  7:43  Orbital Command  
  100  7:44  Marine  
  100  7:45  Marine x2  
  103  7:55  SCV x2  
  105  8:00  Medivac x2, Supply Depot  
  105  8:04  Marine x3  
  112  8:09  Supply Depot  
  112  8:16  Barracks  
  112  8:17  Barracks, Marine  
  113  8:25  Combat Shield  
  113  8:26  SCV x3  
  116  8:29  Refinery  
  116  8:30  Marine, Refinery, Sensor Tower  
  116  8:32  Marine x2  
  118  8:34  Marine  
  118  8:46  Armory  
  118  8:49  Missile Turret  
  118  8:51  Missile Turret  
  118  8:52  Marine x2  
  118  8:53  Missile Turret x2  
  118  8:54  Marine  
  121  8:56  Marine  
  121  8:57  SCV  
  121  8:58  SCV  
  121  9:00  SCV  
  125  9:09  SCV  
  126  9:10  SCV  
  126  9:12  Marine x2  
  126  9:13  SCV, Barracks Reactor  
  126  9:14  Siege Tank, Barracks Reactor  
  126  9:15  Marine  
  126  9:16  Marine x2  
  136  9:22  Supply Depot  
  136  9:24  Supply Depot  
  136  9:28  Medivac x2  
  136  9:30  Marine x2  
  142  9:33  Marine  
  142  9:34  Supply Depot, Marine x2  
Tags
 
Add a new tag
Caveats
  • Supply blocks, unpowered buildings, or Contaminate may cause inaccurate times.
  • Supply counts are checked every 10 seconds.